 Dungeon Crawl Stone Soup version 0.20.0-15-g7f486f2 (webtiles) character file.

172 louis the Insei (level 5, -2/40 HPs)
             Began as a Draconian Transmuter on June 20, 2017.
             Was an Initiate of Okawaru.
             Slain by an iguana (7 damage)
             ... on level 3 of the Dungeon.
             The game lasted 00:07:18 (2733 turns).

louis the Insei (Draconian Transmuter)              Turns: 2733, Time: 00:07:19

Health: -2/40      AC:  2    Str: 12    XL:     5   Next: 27%
Magic:  2/8        EV: 21    Int: 14    God:    Okawaru [......]
Gold:   211        SH:  0    Dex: 17    Spells: 5/9 levels left

rFire    . . .     SeeInvis .     - Unarmed
rCold    . . .     Gourm    .   (shield currently unavailable)
rNeg     . . .     Faith    .   (armour unavailable)
rPois    x         Spirit   .   (helmet currently unavailable)
rElec    .         Reflect  .   (cloak currently unavailable)
rCorr    .         Harm     .   (gloves currently unavailable)
MR       .....                  (boots currently unavailable)
Stlth    ++........             (no amulet)
Regen    0.2/turn               (no ring)
MPRegen  0.2/turn               (no ring)

@: spider-form (expiring), very slightly contaminated
A: unfitting armour, AC +5
a: End Transformation, Renounce Religion


You were on level 3 of the Dungeon.
You worshipped Okawaru.
Okawaru was noncommittal.
You were not hungry.
You were a venomous arachnid creature.
You visited 1 branch of the dungeon, and saw 4 of its levels.

You collected 211 gold pieces.

Inventory:

Missiles
 a - 47 arrows
Wands
 n - a wand of iceblast (13/15)
Scrolls
 e - 3 scrolls of amnesia
 f - a scroll of remove curse
 i - a scroll of fog {unknown}
 j - 2 scrolls of enchant armour
 k - 2 scrolls of random uselessness {unknown}
 l - a scroll of teleportation {unknown}
 m - a scroll of magic mapping {unknown}
 o - a scroll of identify
Potions
 d - a potion of curing
 h - a potion of resistance {unknown}
Books
 b - a book of Changes

   Spells                             Type                      Level
   a - Beastly Appendage              Transmutation                1
   b - Sticks to Snakes               Transmutation                2
   c - Spider Form                    Transmutation/Poison         3
   d - Ice Form                       Ice/Transmutation            4
   e - Blade Hands                    Transmutation                5
Comestibles
 c - a bread ration


   Skills:
 + Level 1.3 Fighting
 * Level 3.0 Dodging
 + Level 3.9 Unarmed Combat
 + Level 2.6 Spellcasting
 * Level 3.0 Transmutations
 * Level 1.3 Poison Magic


You had 5 spell levels left.
You knew the following spells:

 Your Spells              Type           Power        Failure   Level  Hunger
a - Beastly Appendage     Tmut           ##....       17%         1    #......
b - Spider Form           Tmut/Pois      #.........   50%         3    ###....


Dungeon Overview and Level Annotations

Branches:
Dungeon (4/15)
 Temple: D:4-7

Altars:
Kikubaaqudgha
Okawaru


Innate Abilities, Weirdness & Mutations

((Your plain brown scales are hard. (AC +5)))
You cannot fit into any form of body armour.
((You are cold-blooded and may be slowed by cold attacks.))


Message History

The orc wizard gestures wildly while chanting.
The orc wizard blinks!
There is a stone staircase leading up here.
The iguana bites you!
* * * LOW HITPOINT WARNING * * *
You climb upwards.
There is a stone staircase leading down here.
Casting: Spider Form
Confirm with . or Enter, or press ? or * to list all spells.
You turn into a venomous arachnid creature.
The iguana completely misses you.
You barely miss the iguana. The iguana misses you.
You hit the iguana.
The iguana is poisoned.
The iguana is lightly wounded.
Your transformation is almost over.
The iguana completely misses you.
You hit the iguana.
The iguana looks as sick as possible!
The iguana is severely wounded.
The iguana bites you!
You die...

#....'....##### #.#
#....###..######## #.#
#....# #..#......# #..
#....# #..'......#
######## #....#
#.##......######.......
#....#
#.........##.......####
#....#
###.......##.###.#.#...
#....#
#.##l....#.......#.##
######
#.##s###.#.#.....#.##
##.######.#.#.......#.
#.......#.#..#...#####
#######.#........<..#.
#....#...##)#.##.#.
#.####.........#.#. #.#
#......#.##.#. #.#
##.#####......
#.#####.# ####.##


You could see an iguana.

Vanquished Creatures
  The ghost of vishdafish the Skirmisher, a weakling MiFi (D:3)
  An orc priest (D:4)
  4 adders
  2 worms (D:3)
  A dart slug (D:2)
  2 leopard geckos
  2 orcs (D:4)
  7 bats
  4 giant cockroaches
  8 goblins
  5 hobgoblins
  A ball python (D:2)
  4 frilled lizards (D:1)
  5 kobolds (D:2)
  3 rats
50 creatures vanquished.

Notes
Turn   | Place    | Note
-------+----------+-------------------------------------------
     0 | D:1      | louis the Draconian Transmuter began the quest for the Orb.
     0 | D:1      | Reached XP level 1. HP: 16/16 MP: 3/3
   211 | D:1      | Reached XP level 2. HP: 20/23 MP: 3/5
   985 | D:2      | Found an iron altar of Okawaru.
  1001 | D:2      | Became a worshipper of Warmaster Okawaru
  1025 | D:2      | Found an ancient bone altar of Kikubaaqudgha.
  1039 | D:2      | You fall through a shaft!
  1203 | D:2      | Reached XP level 3. HP: 28/28 MP: 4/6
  1496 | D:2      | Learned a level 3 spell: Spider Form
  1699 | D:3      | Reached XP level 4. HP: 25/35 MP: 2/7
  2339 | D:3      | Noticed vishdafish's ghost (weakling MiFi)
  2381 | D:3      | Killed vishdafish's ghost
  2381 | D:3      | Reached skill level 1 in Poison Magic
  2619 | D:3      | Reached XP level 5. HP: 36/40 MP: 3/8
  2733 | D:3      | Slain by an iguana

Skill      XL: |  1  2  3  4  5 |
---------------+----------------+-----
Dodging        | 2 3 |  3.0
Poison Magic   | 1 |  1.3
Transmutations | 3 |  3.0
Fighting       | |  1.3
Unarmed Combat | |  3.9
Spellcasting   | |  2.6

Action                   |  1- 3 |  4- 6 || total
-------------------------+-------+-------++-------
Melee: Unarmed           |   142 |    53 ||   195
       Tailslap          |    11 |       ||    11
       Headbutt          |     6 |       ||     6
       Kick              |     2 |     1 ||     3
       Punch             |       |     1 ||     1
 Cast: Beastly Appendage |    19 |     1 ||    20
       Spider Form       |     2 |     7 ||     9
  Use: Scroll            |     3 |       ||     3
       Potion            |       |     2 ||     2
  Eat: Chunk             |     3 |     3 ||     6
       Meat ration       |       |     1 ||     1
Armor: Skin              |    70 |     8 ||    78
Dodge: Dodged            |   126 |    28 ||   154
